AoeStats
← supermaso8970

Arabia

510407589Analyzed
2v2 RM · 1d ago on Sep 30, 2026· 54m 38s· 4 players
Game mode
Random Map
Map size
Medium (4 player)
Population
200
Speed
Normal
Resources
Standard
Victory
Conquest
Starting age
Dark Age
Ending age
Imperial Age
RankedLock teamsTeams togetherTeam positionsShared explorationLock speedFull tech treeHidden civsTurbo modeCheats
Victory
Defeat
🇧🇪 Malians · Belgium
932
+11
🇧🇪 Malay · Belgium
930
+12
🇨🇿 Franks · Czechia
845
-12
🇨🇿 Spanish · Czechia
818
-11
420 buddha
11:45 Feudal Age
11:24 Double-Bit Axe
12:17 Wheelbarrow
17:21 Gold Mining
19:33 Castle Age
18:47 Pikeman
19:51 Bow Saw
22:24 Hand Cart
23:25 Town Watch
24:32 Scale Barding Armor
24:42 Forging
26:25 Husbandry
26:38 Fletching
31:29 Hand Cart
35:37 Imperial Age
33:36 Horse Collar
36:04 Gold Shaft Mining
36:10 Conscription
38:28 Iron Casting
37:49 Bodkin Arrow
38:12 Halberdier
41:12 Chemistry
40:59 Elite Karambit Warrior
44:33 Bracer
44:34 Padded Archer Armor
43:56 Elite Skirmisher
50:16 Ballistics
51:11 Squires
54:19 Blast Furnace
53:35 Leather Archer Armor
Zarathustra
2:06 Loom
11:29 Feudal Age
17:37 Double-Bit Axe
22:58 Castle Age
22:05 Bloodlines
22:11 Scale Barding Armor
21:57 Horse Collar
25:17 Husbandry
26:46 Chain Barding Armor
28:26 Wheelbarrow
27:46 Town Watch
33:32 Gold Mining
33:32 Stone Mining
35:51 Hand Cart
36:42 Bow Saw
36:33 Heavy Plow
41:01 Imperial Age
39:04 Stone Mining
39:37 Arson
41:36 Gold Shaft Mining
41:36 Stone Shaft Mining
41:32 Fletching
42:30 Hoardings
42:42 Crop Rotation
42:53 Masonry
42:25 Treadmill Crane
43:23 Conscription
42:39 Pikeman
44:47 Chemistry
44:11 Bodkin Arrow
44:37 Scale Mail Armor
45:51 Squires
46:39 Chain Mail Armor
47:04 Forging
47:54 Plate Mail Armor
48:49 Iron Casting
53:43 Plate Barding Armor
55:12 Ballistics
55:23 Architecture
55:03 Murder Holes
supermaso8970
7:33 Loom
9:25 Feudal Age
19:15 Castle Age
17:51 Double-Bit Axe
17:59 Gold Mining
21:30 Scale Barding Armor
23:10 Forging
25:33 Pikeman
26:41 Chain Barding Armor
30:04 Iron Casting
31:56 Gold Shaft Mining
34:42 Scale Mail Armor
35:12 Squires
38:13 Bow Saw
40:37 Imperial Age
41:33 Cavalier
42:13 Husbandry
46:01 Plate Barding Armor
46:27 Blast Furnace
45:06 Halberdier
47:01 Paladin
48:45 Man-at-Arms
51:34 Long Swordsman
Kevin Flynn
11:39 Feudal Age
12:22 Loom
13:34 Double-Bit Axe
17:57 Padded Archer Armor
17:48 Fletching
19:08 Forging
18:58 Scale Mail Armor
19:17 Gold Mining
19:17 Stone Mining
21:03 Stone Mining
27:50 Castle Age
25:33 Man-at-Arms
29:49 Elite Skirmisher
29:51 Pikeman
31:23 Stone Shaft Mining
32:25 Leather Archer Armor
43:30 Scale Mail Armor
Connection lost

Rejoining the realm…

Still unreachable

The connection could not be restored.

Session expired

The server has moved on; the page needs a fresh start.